AoeStats
← Papaya Yaga

Migration

504269720Analyzed
1v1 RM · 28d ago on Sep 4, 2026· 54m 11s· 2 players
Game mode
Random Map
Map size
132×132
Population
200
Speed
Normal
Resources
Standard
Victory
Conquest
Starting age
Dark Age
Ending age
Imperial Age
RankedLock teamsTeams togetherTeam positionsShared explorationLock speedFull tech treeHidden civsTurbo modeCheats
Victory
Defeat
🇦🇹 Bohemians · Austria
448
+22
🇦🇹 Dravidians · Austria
589
-22
Papaya Yaga
12:51 Feudal Age
15:24 Double-Bit Axe
15:36 Horse Collar
15:43 Fishing Lines
20:44 Castle Age
19:01 Forging
20:51 Fletching
23:07 Medium Warships
22:48 Gillnets
23:54 Bow Saw
23:46 Heavy Plow
24:09 Ballistics
25:02 Bodkin Arrow
29:15 Chemistry
28:11 Murder Holes
29:26 Sanctity
29:52 Pikeman
31:38 Arson
31:55 Squires
35:13 Padded Archer Armor
36:53 Fervor
40:52 Imperial Age
41:42 Loom
42:33 Wheelbarrow
41:43 Town Watch
42:08 Elite Cannon Galleon
43:16 Heavy Warships
42:38 Elite Hussite Wagon
43:27 Wagenburg Tactics
43:30 Hussite Reforms
43:00 Halberdier
45:30 Town Patrol
50:53 Hand Cart
51:50 Two-Man Saw
52:06 Careening
52:07 Clinker Construction
52:03 Siphons
52:08 Siege Engineers
boosterluck1234
12:25 Feudal Age
14:00 Double-Bit Axe
22:48 Castle Age
22:21 Wheelbarrow
21:59 Gold Mining
24:33 Wheelbarrow
25:31 Forging
26:06 Loom
26:09 Town Watch
28:22 Hand Cart
28:08 Town Patrol
28:11 Pikeman
28:51 Squires
34:26 Demolition Ship
35:20 Medium Warships
35:25 Scale Barding Armor
35:20 Padded Archer Armor
35:56 Iron Casting
39:22 Light Cavalry
44:03 Fletching
46:47 Husbandry
50:25 Chain Barding Armor
50:21 Leather Archer Armor
Connection lost

Rejoining the realm…

Still unreachable

The connection could not be restored.

Session expired

The server has moved on; the page needs a fresh start.